[ AOE2 MATCH · #478378302 ]
UnrankedMaya vs Incas
[ REPLAY ANALYSIS · EXTRACTED FROM THE RECORDED GAME ]
Feudal
13:38
Castle
17:55
Imperial
—
| APM avg | 39.5 |
| APM peak | 67 |
| eAPM avg | 21.3 |
| Villagers / military | 51 / 48 |
Focus
⚔️ 34.9% · 🌾 65.1%
Eagle Scout ×35 · Fishing Ship ×10 · Battering Ram ×7 · Monk ×3 · Fire Galley ×2 · Unknown (2626) ×2
Feudal
12:20
Castle
25:53
Imperial
—
| APM avg | 33.4 |
| APM peak | 60 |
| eAPM avg | 18.0 |
| Villagers / military | 68 / 42 |
Focus
⚔️ 32.2% · 🌾 67.8%
Archer ×33 · Spearman ×9 · Fishing Ship ×7
Feudal
13:38
Castle
17:31
Imperial
—
| APM avg | 23.4 |
| APM peak | 54 |
| eAPM avg | 15.1 |
| Villagers / military | 81 / 26 |
Focus
⚔️ 22.2% · 🌾 77.8%
Fishing Ship ×23 · Fire Galley ×17 · Knight ×6 · Mangonel ×3
Feudal
14:22
Castle
26:09
Imperial
—
| APM avg | 21.3 |
| APM peak | 48 |
| eAPM avg | 9.3 |
| Villagers / military | 35 / 7 |
Focus
⚔️ 8.5% · 🌾 91.5%
Fishing Ship ×9 · Scout Cavalry ×4 · Flemish Militia ×2 · Transport Ship ×1
Feudal
15:08
Castle
20:04
Imperial
—
| APM avg | 25.1 |
| APM peak | 52 |
| eAPM avg | 15.9 |
| Villagers / military | 58 / 16 |
Focus
⚔️ 10.1% · 🌾 89.9%
Archer ×8 · Fishing Ship ×7 · Battering Ram ×5 · Unknown (1959) ×4 · Spearman ×3
Feudal
13:58
Castle
21:04
Imperial
—
| APM avg | 32.5 |
| APM peak | 98 |
| eAPM avg | 10.6 |
| Villagers / military | 24 / 12 |
Focus
⚔️ 24.4% · 🌾 75.6%
Knight ×8 · Fishing Ship ×6 · Boyar ×2 · Spearman ×2
Feudal
13:01
Castle
18:13
Imperial
—
| APM avg | 41.5 |
| APM peak | 82 |
| eAPM avg | 25.2 |
| Villagers / military | 118 / 32 |
Focus
⚔️ 25.5% · 🌾 74.5%
Fishing Ship ×17 · Knight ×13 · Camel Scout ×9 · Monk ×3 · Mangonel ×3 · Scout Cavalry ×3
Feudal
12:17
Castle
17:29
Imperial
—
| APM avg | 29.7 |
| APM peak | 54 |
| eAPM avg | 16.8 |
| Villagers / military | 75 / 36 |
Focus
⚔️ 24.5% · 🌾 75.5%
Leitis ×29 · Fishing Ship ×9 · Monk ×6 · Fire Galley ×1 · Unknown (2626) ×1
Match map
Initial resources + every placement click. Lines = walls · curves = elevation contours. ◆ gold · ⬟ stone · ● berries · ✦ relic · ◌ wall gap
Your base· Open — unwalled flank
Maruvian's base· Open — unwalled flank
CSA_Prince's base· Open — 4t gap
Heh's base· Open — 4t gap
CSA_Smith's base· Open — 14t gap
CSA_WHF_Payne's base· Open — 7t gap
IncredulousFox's base· Open — 3t gap
jaylin700110's base· Open — 5t gap
Smoothed initial terrain · ◌ = detected wall gap · hover for details
Inputs per minute
— _dRix4_ - - Maruvian
Build order — _dRix4_
First 150 of 169 actions detected
| 0:20 | Build | Town Center |
| 0:26 | Build | Dock |
| 0:28 | Build | House |
| 1:37 | Build | Palisade Wall |
| 1:41 | Build | Palisade Wall |
| 1:47 | Build | Palisade Wall |
| 2:41 | Create | Villager (Male) |
| 2:42 | Create | Villager (Male) |
| 2:42 | Create | Villager (Male) |
| 3:40 | Create | Fishing Ship |
| 3:55 | Create | Villager (Male) |
| 3:56 | Create | Villager (Male) |
| 4:05 | Build | House |
| 4:23 | Research | Loom |
| 4:37 | Create | Fishing Ship |
| 5:16 | Create | Villager (Male) |
| 5:16 | Create | Villager (Male) |
| 5:18 | Create | Fishing Ship |
| 5:42 | Create | Villager (Male) |
| 5:42 | Create | Villager (Male) |
| 5:52 | Build | House |
| 6:15 | Create | Villager (Male) |
| 6:17 | Create | Fishing Ship |
| 6:43 | Create | Villager (Male) |
| 6:43 | Create | Villager (Male) |
| 6:57 | Create | Villager (Male) |
| 7:08 | Create | Fishing Ship |
| 7:20 | Create | Villager (Male) |
| 7:46 | Create | Fishing Ship |
| 7:53 | Create | Villager (Male) |
| 8:00 | Build | House |
| 8:17 | Create | Villager (Male) |
| 8:20 | Build | House |
| 8:47 | Build | House |
| 9:01 | Create | Villager (Male) |
| 9:04 | Create | Fishing Ship |
| 9:40 | Create | Villager (Male) |
| 9:50 | Build | Mill |
| 10:13 | Create | Villager (Male) |
| 10:14 | Create | Villager (Male) |
| 10:39 | Build | Mining Camp |
| 10:43 | Create | Villager (Male) |
| 11:06 | Research | Feudal Age |
| 11:41 | Create | Fishing Ship |
| 12:30 | Build | Barracks |
| 12:35 | Build | Barracks |
| 12:37 | Build | House |
| 13:38 | Age | Feudal Age |
| 13:43 | Build | Blacksmith |
| 13:46 | Research | Town Watch |
| 14:10 | Build | Archery Range |
| 14:17 | Build | Archery Range |
| 14:21 | Create | Eagle Scout |
| 14:25 | Create | Villager (Male) |
| 14:30 | Build | House |
| 14:34 | Build | Palisade Wall |
| 14:46 | Create | Villager (Male) |
| 15:12 | Research | Castle Age |
| 15:24 | Build | Palisade Wall |
| 15:52 | Research | Gold Mining |
| 15:53 | Research | Scale Mail Armor |
| 16:05 | Create | Fire Galley |
| 16:06 | Create | Fire Galley |
| 16:24 | Create | Eagle Scout |
| 16:24 | Create | Eagle Scout |
| 16:28 | Build | Mill |
| 16:43 | Create | Galley |
| 17:22 | Create | Eagle Scout |
| 17:24 | Create | Villager (Male) |
| 17:36 | Build | House |
| 17:55 | Age | Castle Age |
| 17:56 | Create | Fishing Ship |
| 17:56 | Create | Fishing Ship |
| 18:01 | Research | Eagle Warrior (upgrade) |
| 18:04 | Create | Villager (Male) |
| 18:24 | Create | Villager (Male) |
| 18:45 | Create | Unit 2626 |
| 18:45 | Create | Unit 2626 |
| 18:47 | Create | Villager (Male) |
| 18:55 | Build | Town Center |
| 19:01 | Create | Eagle Scout |
| 19:01 | Create | Eagle Scout |
| 19:17 | Build | House |
| 19:29 | Create | Villager (Male) |
| 20:00 | Create | Eagle Scout |
| 20:00 | Create | Eagle Scout |
| 20:05 | Research | Chain Mail Armor |
| 20:05 | Research | Chain Mail Armor |
| 20:27 | Create | Eagle Scout |
| 20:37 | Create | Villager (Male) |
| 20:37 | Create | Villager (Male) |
| 20:43 | Build | Lumber Camp |
| 21:14 | Create | Villager (Male) |
| 21:14 | Create | Villager (Male) |
| 21:40 | Create | Eagle Scout |
| 21:40 | Create | Eagle Scout |
| 21:42 | Research | Forging |
| 21:42 | Research | Forging |
| 21:45 | Create | Villager (Male) |
| 21:46 | Create | Villager (Male) |
| 21:46 | Create | Villager (Male) |
| 21:49 | Build | House |
| 21:57 | Build | Palisade Wall |
| 22:18 | Build | House |
| 22:19 | Build | House |
| 22:22 | Create | Villager (Male) |
| 22:22 | Create | Villager (Male) |
| 22:50 | Create | Eagle Scout |
| 22:51 | Create | Eagle Scout |
| 23:31 | Build | Siege Workshop |
| 23:59 | Create | Eagle Scout |
| 23:59 | Create | Eagle Scout |
| 24:01 | Build | House |
| 24:16 | Build | Farm |
| 24:18 | Research | Horse Collar |
| 24:18 | Research | Horse Collar |
| 24:21 | Build | Farm |
| 24:23 | Build | Farm |
| 24:33 | Build | Monastery |
| 24:36 | Build | House |
| 24:39 | Create | Villager (Male) |
| 24:42 | Build | Farm |
| 24:45 | Build | Farm |
| 24:58 | Create | Villager (Male) |
| 25:02 | Build | Farm |
| 25:04 | Build | Farm |
| 25:18 | Create | Eagle Scout |
| 25:18 | Create | Eagle Scout |
| 25:18 | Create | Eagle Scout |
| 25:30 | Create | Monk |
| 25:31 | Create | Monk |
| 25:54 | Create | Villager (Male) |
| 25:55 | Create | Villager (Male) |
| 25:55 | Create | Villager (Male) |
| 25:56 | Create | Villager (Male) |
| 26:01 | Create | Battering Ram |
| 26:01 | Create | Battering Ram |
| 26:01 | Create | Battering Ram |
| 26:01 | Create | Battering Ram |
| 26:10 | Create | Villager (Male) |
| 26:41 | Create | Villager (Male) |
| 26:42 | Create | Villager (Male) |
| 26:42 | Create | Villager (Male) |
| 26:48 | Create | Battering Ram |
| 26:48 | Create | Battering Ram |
| 27:37 | Build | Siege Workshop |
| 27:59 | Create | Battering Ram |
| 28:01 | Create | Eagle Scout ×5 |
| 28:01 | Create | Eagle Scout ×5 |
| 28:03 | Build | House |
Build order — Maruvian
First 150 of 182 actions detected
| 0:28 | Build | Town Center |
| 1:32 | Build | Dock |
| 1:49 | Build | House |
| 2:42 | Create | Villager (Male) ×4 |
| 3:42 | Create | Fishing Ship |
| 4:25 | Create | Villager (Male) |
| 4:50 | Create | Villager (Male) |
| 4:51 | Create | Villager (Male) |
| 5:11 | Create | Fishing Ship |
| 5:25 | Create | Villager (Male) |
| 5:53 | Create | Villager (Male) |
| 6:18 | Create | Fishing Ship |
| 6:23 | Create | Villager (Male) |
| 6:50 | Create | Villager (Male) |
| 7:01 | Research | Loom |
| 7:02 | Build | House |
| 7:06 | Create | Fishing Ship |
| 7:27 | Create | Villager (Male) |
| 7:27 | Create | Villager (Male) |
| 7:45 | Create | Fishing Ship |
| 7:54 | Create | Villager (Male) |
| 8:14 | Create | Villager (Male) |
| 8:34 | Create | Villager (Male) |
| 8:42 | Create | Fishing Ship |
| 9:14 | Build | House |
| 9:24 | Create | Villager (Male) |
| 9:30 | Build | Settlement |
| 10:08 | Create | Villager (Male) |
| 10:10 | Research | Feudal Age |
| 10:54 | Create | Fishing Ship |
| 11:07 | Build | Outpost |
| 11:37 | Build | Barracks |
| 12:20 | Age | Feudal Age |
| 12:23 | Create | Villager (Male) |
| 12:23 | Create | Villager (Male) |
| 12:35 | Build | Watch Tower |
| 12:37 | Create | Villager (Male) |
| 12:40 | Build | Archery Range |
| 12:45 | Build | Stone Wall |
| 12:46 | Build | Stone Wall |
| 12:49 | Build | Stone Wall |
| 12:54 | Build | Stone Wall |
| 12:58 | Create | Villager (Male) |
| 13:14 | Build | Stone Wall |
| 13:20 | Create | Villager (Male) |
| 13:33 | Create | Villager (Male) |
| 13:37 | Research | Double-Bit Axe |
| 13:38 | Create | Archer |
| 13:39 | Create | Archer |
| 13:59 | Build | Settlement |
| 14:11 | Create | Archer |
| 14:27 | Create | Archer |
| 14:54 | Create | Villager (Male) |
| 14:54 | Create | Villager (Male) |
| 15:05 | Create | Villager (Male) |
| 15:18 | Create | Archer |
| 15:21 | Build | Blacksmith |
| 15:28 | Create | Villager (Male) |
| 15:58 | Research | Fletching |
| 16:06 | Create | Archer |
| 16:07 | Create | Archer |
| 16:43 | Create | Villager (Male) |
| 16:43 | Create | Villager (Male) |
| 16:46 | Create | Spearman |
| 16:48 | Create | Archer |
| 17:25 | Create | Villager (Male) |
| 17:25 | Create | Villager (Male) |
| 17:29 | Create | Archer |
| 17:30 | Create | Archer |
| 17:41 | Create | Spearman |
| 17:50 | Research | Horse Collar |
| 17:52 | Build | Farm |
| 17:53 | Build | Farm |
| 17:53 | Build | Farm |
| 17:53 | Build | Farm |
| 17:53 | Build | Farm |
| 18:19 | Create | Villager (Male) |
| 18:22 | Create | Archer |
| 18:22 | Create | Archer |
| 18:31 | Build | Farm |
| 18:34 | Build | Farm |
| 19:02 | Create | Spearman |
| 19:03 | Create | Villager (Male) |
| 19:03 | Create | Villager (Male) |
| 19:22 | Create | Spearman |
| 19:29 | Create | Villager (Male) |
| 19:29 | Create | Villager (Male) |
| 19:42 | Build | House |
| 19:44 | Build | Palisade Wall |
| 19:48 | Create | Villager (Male) |
| 19:53 | Create | Spearman |
| 19:53 | Create | Spearman |
| 20:04 | Build | Farm |
| 20:05 | Build | Farm |
| 20:06 | Build | Farm |
| 20:07 | Build | Farm |
| 20:11 | Build | Palisade Wall |
| 20:13 | Create | Villager (Male) |
| 20:13 | Create | Villager (Male) |
| 20:35 | Create | Villager (Male) |
| 20:35 | Create | Villager (Male) |
| 20:40 | Build | Palisade Wall |
| 20:46 | Create | Spearman |
| 20:47 | Create | Villager (Male) |
| 20:47 | Create | Villager (Male) |
| 20:48 | Create | Archer |
| 20:48 | Create | Archer |
| 20:48 | Create | Archer |
| 20:53 | Build | Farm |
| 21:04 | Build | Palisade Wall |
| 21:10 | Build | Palisade Wall |
| 21:12 | Create | Villager (Male) |
| 21:21 | Create | Villager (Male) |
| 21:25 | Create | Archer |
| 21:49 | Create | Villager (Male) |
| 22:06 | Build | Farm |
| 22:12 | Build | Market |
| 22:23 | Create | Archer |
| 23:00 | Research | Castle Age |
| 23:22 | Create | Archer |
| 23:22 | Create | Archer |
| 23:36 | Create | Spearman |
| 23:36 | Create | Spearman |
| 23:49 | Build | Palisade Wall |
| 23:56 | Create | Villager (Male) |
| 24:02 | Research | Tech 906 |
| 24:31 | Create | Archer |
| 24:31 | Create | Archer |
| 24:33 | Research | Padded Archer Armor |
| 25:16 | Build | Outpost |
| 25:17 | Build | Outpost |
| 25:20 | Research | Town Watch |
| 25:27 | Create | Archer |
| 25:38 | Build | Archery Range |
| 25:53 | Age | Castle Age |
| 25:56 | Research | Bow Saw |
| 26:00 | Research | Crossbowman (upgrade) |
| 26:21 | Research | Bodkin Arrow |
| 26:35 | Create | Villager (Male) |
| 26:45 | Build | Archery Range |
| 26:50 | Research | Crossbowman (upgrade) |
| 26:56 | Create | Archer |
| 26:56 | Create | Archer |
| 27:01 | Build | Town Center |
| 27:12 | Create | Villager (Male) |
| 27:13 | Create | Villager (Male) |
| 27:17 | Build | Settlement |
| 27:18 | Research | Gold Mining |
| 27:28 | Create | Archer |
| 27:29 | Create | Archer |
Build order — CSA_Prince
First 150 of 213 actions detected
| 0:23 | Build | Town Center |
| 1:40 | Build | Dock |
| 2:17 | Build | House |
| 2:36 | Create | Villager (Male) |
| 2:36 | Create | Villager (Male) |
| 2:36 | Create | Villager (Male) |
| 2:36 | Create | Villager (Male) |
| 2:36 | Create | Villager (Male) |
| 2:37 | Create | Villager (Male) |
| 3:51 | Create | Fishing Ship |
| 3:51 | Create | Fishing Ship |
| 4:10 | Create | Villager (Male) |
| 4:10 | Create | Villager (Male) |
| 4:10 | Create | Villager (Male) |
| 4:40 | Create | Villager (Male) |
| 4:40 | Create | Villager (Male) |
| 4:40 | Create | Villager (Male) |
| 4:47 | Build | House |
| 4:51 | Research | Loom |
| 4:51 | Research | Loom |
| 5:18 | Create | Villager (Male) |
| 5:19 | Create | Villager (Male) |
| 5:19 | Create | Villager (Male) |
| 5:43 | Create | Villager (Male) |
| 5:43 | Create | Villager (Male) |
| 5:43 | Create | Villager (Male) |
| 5:44 | Create | Fishing Ship |
| 5:52 | Build | House |
| 6:08 | Create | Villager (Male) |
| 6:09 | Create | Villager (Male) |
| 6:09 | Create | Villager (Male) |
| 6:28 | Create | Fishing Ship |
| 6:46 | Create | Villager (Male) |
| 6:46 | Create | Villager (Male) |
| 7:05 | Create | Villager (Male) |
| 7:06 | Create | Villager (Male) |
| 7:06 | Create | Villager (Male) |
| 7:10 | Create | Fishing Ship |
| 7:18 | Build | House |
| 7:23 | Create | Villager (Male) |
| 7:23 | Create | Villager (Male) |
| 7:23 | Create | Villager (Male) |
| 7:47 | Create | Fishing Ship |
| 8:01 | Create | Fishing Ship |
| 8:03 | Create | Villager (Male) |
| 8:04 | Create | Villager (Male) |
| 8:04 | Create | Villager (Male) |
| 8:36 | Build | Palisade Wall |
| 8:36 | Build | Palisade Wall |
| 8:42 | Create | Villager (Male) |
| 8:43 | Create | Villager (Male) |
| 8:43 | Create | Villager (Male) |
| 8:44 | Create | Fishing Ship |
| 9:28 | Create | Villager (Male) |
| 9:28 | Create | Villager (Male) |
| 9:28 | Create | Villager (Male) |
| 9:34 | Create | Fishing Ship |
| 9:42 | Build | Dock |
| 9:52 | Build | House |
| 10:18 | Build | Mining Camp |
| 10:45 | Build | House |
| 11:03 | Create | Fishing Ship |
| 11:28 | Research | Feudal Age |
| 11:28 | Research | Feudal Age |
| 11:29 | Research | Feudal Age |
| 11:55 | Build | Mill |
| 12:24 | Build | Dock |
| 13:38 | Age | Feudal Age |
| 13:50 | Build | Market |
| 14:01 | Create | Villager (Male) |
| 14:01 | Create | Villager (Male) |
| 14:14 | Build | Blacksmith |
| 14:45 | Research | Castle Age |
| 14:45 | Research | Castle Age |
| 14:46 | Research | Castle Age |
| 15:57 | Create | Fire Galley |
| 15:57 | Create | Fire Galley |
| 15:57 | Create | Fire Galley |
| 16:05 | Build | Lumber Camp |
| 17:13 | Build | House |
| 17:13 | Build | House |
| 17:17 | Research | Double-Bit Axe |
| 17:17 | Research | Double-Bit Axe |
| 17:17 | Research | Double-Bit Axe |
| 17:19 | Research | Wheelbarrow |
| 17:20 | Research | Wheelbarrow |
| 17:31 | Age | Castle Age |
| 17:37 | Research | War Galley (upgrade) |
| 17:37 | Research | War Galley (upgrade) |
| 17:45 | Create | Fire Galley |
| 17:45 | Create | Fire Galley |
| 17:46 | Create | Fire Galley |
| 17:56 | Create | Fire Galley |
| 17:56 | Create | Fire Galley |
| 17:56 | Create | Fire Galley |
| 18:13 | Build | House |
| 18:14 | Build | House |
| 18:16 | Create | Villager (Male) |
| 18:17 | Create | Villager (Male) |
| 18:17 | Create | Villager (Male) |
| 19:12 | Create | Fire Galley |
| 19:12 | Create | Fire Galley |
| 19:12 | Create | Fire Galley |
| 19:16 | Create | Villager (Male) |
| 19:16 | Create | Villager (Male) |
| 19:16 | Create | Villager (Male) |
| 19:16 | Create | Villager (Male) |
| 19:29 | Build | Lumber Camp |
| 19:45 | Create | Fire Galley |
| 19:45 | Create | Fire Galley |
| 19:48 | Create | Villager (Male) |
| 19:48 | Create | Villager (Male) |
| 19:48 | Create | Villager (Male) |
| 21:49 | Build | Town Center |
| 21:54 | Build | Town Center |
| 21:57 | Create | Fire Galley |
| 21:57 | Create | Fire Galley |
| 21:57 | Create | Fire Galley |
| 22:06 | Create | Villager (Male) |
| 22:07 | Create | Villager (Male) |
| 22:07 | Create | Villager (Male) |
| 22:09 | Research | Bow Saw |
| 22:09 | Research | Bow Saw |
| 22:10 | Research | Bow Saw |
| 22:38 | Build | Dock |
| 22:45 | Build | House |
| 22:46 | Build | House |
| 22:46 | Build | House |
| 22:46 | Build | House |
| 22:46 | Build | House |
| 22:46 | Build | House |
| 22:47 | Build | House |
| 22:47 | Build | House |
| 23:03 | Create | Villager (Male) |
| 23:03 | Create | Villager (Male) |
| 23:04 | Create | Villager (Male) |
| 23:04 | Create | Villager (Male) |
| 23:13 | Research | Town Watch |
| 23:13 | Research | Town Watch |
| 24:33 | Create | Villager (Male) |
| 24:33 | Create | Villager (Male) |
| 24:33 | Create | Villager (Male) |
| 24:38 | Build | Town Center |
| 24:42 | Create | Villager (Male) |
| 24:42 | Create | Villager (Male) |
| 24:42 | Create | Villager (Male) |
| 24:43 | Create | Villager (Male) |
| 24:43 | Create | Villager (Male) |
| 24:43 | Create | Villager (Male) |
| 24:44 | Create | Fishing Ship |
Build order — Heh
89 actions detected in the replay
| 0:08 | Build | Town Center |
| 1:41 | Build | Dock |
| 1:44 | Build | House |
| 2:33 | Create | Villager (Male) |
| 2:34 | Create | Villager (Male) |
| 2:34 | Create | Villager (Male) |
| 2:34 | Create | Villager (Male) |
| 2:36 | Research | Loom |
| 3:34 | Create | Fishing Ship |
| 4:09 | Build | House |
| 4:33 | Create | Villager (Male) |
| 5:00 | Create | Fishing Ship |
| 5:08 | Create | Villager (Male) |
| 5:28 | Build | House |
| 5:35 | Create | Villager (Male) |
| 6:12 | Create | Villager (Male) |
| 6:17 | Create | Fishing Ship |
| 6:36 | Create | Villager (Male) |
| 6:59 | Create | Villager (Male) |
| 7:04 | Create | Fishing Ship |
| 7:11 | Build | House |
| 7:21 | Create | Villager (Male) |
| 7:50 | Create | Villager (Male) |
| 7:56 | Create | Fishing Ship |
| 8:07 | Create | Fishing Ship |
| 8:48 | Create | Transport Ship |
| 8:50 | Create | Fishing Ship |
| 9:04 | Create | Villager (Male) |
| 9:04 | Create | Villager (Male) |
| 9:04 | Create | Villager (Male) |
| 9:27 | Build | House |
| 9:40 | Create | Villager (Male) |
| 9:51 | Build | Mill |
| 10:00 | Create | Fishing Ship |
| 10:32 | Create | Villager (Male) |
| 10:32 | Create | Villager (Male) |
| 10:43 | Build | Mining Camp |
| 10:50 | Build | House |
| 10:50 | Build | House |
| 11:10 | Create | Fishing Ship |
| 11:38 | Create | Villager (Male) |
| 12:12 | Research | Feudal Age |
| 13:30 | Build | Mining Camp |
| 14:21 | Build | Mill |
| 14:22 | Age | Feudal Age |
| 14:32 | Build | Market |
| 14:40 | Build | Barracks |
| 15:19 | Build | Stable |
| 15:48 | Create | Scout Cavalry |
| 15:48 | Create | Scout Cavalry |
| 16:04 | Create | Villager (Male) |
| 16:04 | Create | Villager (Male) |
| 16:25 | Create | Scout Cavalry |
| 16:36 | Build | Blacksmith |
| 17:29 | Create | Scout Cavalry |
| 17:41 | Research | Scale Barding Armor |
| 19:14 | Build | Mill |
| 19:46 | Create | Villager (Male) |
| 19:47 | Create | Villager (Male) |
| 20:40 | Create | Flemish Militia |
| 20:40 | Create | Flemish Militia |
| 21:48 | Build | Lumber Camp |
| 22:40 | Build | Town Center |
| 23:29 | Research | Castle Age |
| 23:50 | Build | House |
| 24:23 | Build | Mill |
| 25:33 | Build | House |
| 25:35 | Build | House |
| 25:39 | Create | Villager (Male) |
| 26:09 | Age | Castle Age |
| 26:28 | Research | Wheelbarrow |
| 26:56 | Create | Villager (Male) |
| 26:56 | Create | Villager (Male) |
| 27:50 | Build | Town Center |
| 28:31 | Create | Villager (Male) |
| 28:52 | Create | Villager (Male) |
| 28:52 | Create | Villager (Male) |
| 29:08 | Create | Villager (Male) |
| 29:46 | Create | Villager (Male) |
| 29:46 | Create | Villager (Male) |
| 30:28 | Build | Stable |
| 30:35 | Build | Farm |
| 30:36 | Build | Farm |
| 30:37 | Build | Farm |
| 30:38 | Build | Farm |
| 30:45 | Create | Villager (Male) |
| 30:45 | Create | Villager (Male) |
| 30:48 | Create | Villager (Male) |
| 30:53 | Research | Husbandry |
Build order — CSA_Smith
128 actions detected in the replay
| 0:09 | Build | Dock |
| 0:13 | Build | House |
| 0:36 | Build | Town Center |
| 1:26 | Build | Palisade Wall |
| 1:39 | Build | Palisade Wall |
| 3:12 | Create | Villager (Male) |
| 3:13 | Create | Villager (Male) |
| 3:13 | Create | Villager (Male) |
| 3:13 | Create | Villager (Male) |
| 4:23 | Build | House |
| 4:35 | Create | Villager (Male) |
| 4:44 | Create | Fishing Ship |
| 5:14 | Research | Loom |
| 5:55 | Create | Villager (Male) |
| 5:58 | Create | Fishing Ship |
| 6:31 | Create | Villager (Male) |
| 6:43 | Build | House |
| 7:07 | Create | Villager (Male) |
| 7:28 | Create | Fishing Ship |
| 7:40 | Create | Villager (Male) |
| 7:41 | Create | Villager (Male) |
| 8:11 | Build | House |
| 8:20 | Create | Villager (Male) |
| 8:20 | Create | Villager (Male) |
| 8:21 | Create | Villager (Male) |
| 8:53 | Create | Villager (Male) |
| 9:02 | Create | Villager (Male) |
| 9:23 | Create | Villager (Male) |
| 9:43 | Build | Lumber Camp |
| 9:49 | Create | Fishing Ship |
| 9:53 | Create | Villager (Male) |
| 9:53 | Create | Villager (Male) |
| 10:17 | Create | Villager (Male) |
| 10:18 | Create | Villager (Male) |
| 10:47 | Build | House |
| 12:09 | Build | Mill |
| 12:35 | Create | Fishing Ship |
| 12:53 | Build | House |
| 12:58 | Research | Feudal Age |
| 13:58 | Build | Mining Camp |
| 14:06 | Create | Fishing Ship |
| 15:08 | Age | Feudal Age |
| 15:13 | Build | Mining Camp |
| 15:21 | Build | Market |
| 15:38 | Build | Blacksmith |
| 15:44 | Build | Market |
| 16:05 | Create | Villager (Male) |
| 16:18 | Create | Fishing Ship |
| 16:29 | Build | House |
| 16:43 | Create | Villager (Male) |
| 17:24 | Research | Castle Age |
| 18:31 | Research | Double-Bit Axe |
| 18:52 | Build | Barracks |
| 19:28 | Research | Fletching |
| 19:54 | Build | Archery Range |
| 20:04 | Age | Castle Age |
| 20:08 | Build | Castle |
| 20:14 | Create | Villager (Male) |
| 20:15 | Create | Villager (Male) |
| 20:15 | Create | Villager (Male) |
| 20:15 | Create | Villager (Male) |
| 20:47 | Create | Villager (Male) |
| 22:02 | Build | Town Center |
| 22:14 | Research | Bodkin Arrow |
| 22:27 | Create | Archer |
| 22:28 | Create | Archer |
| 22:28 | Create | Archer |
| 22:43 | Create | Villager (Male) |
| 23:10 | Create | Villager (Male) |
| 23:39 | Create | Villager (Male) |
| 23:39 | Create | Villager (Male) |
| 23:46 | Create | Archer |
| 23:46 | Create | Archer |
| 23:46 | Create | Archer |
| 24:07 | Build | Siege Workshop |
| 24:11 | Create | Villager (Male) |
| 24:41 | Build | Town Center |
| 24:51 | Create | Archer |
| 24:52 | Create | Archer |
| 25:01 | Create | Villager (Male) |
| 25:01 | Create | Villager (Male) |
| 25:02 | Create | Villager (Male) |
| 25:15 | Build | Mill |
| 25:40 | Create | Villager (Male) |
| 25:40 | Create | Villager (Male) |
| 25:55 | Build | Fish Trap |
| 26:01 | Create | Villager (Male) |
| 26:01 | Create | Villager (Male) |
| 26:30 | Create | Battering Ram |
| 26:41 | Build | Farm |
| 26:44 | Create | Villager (Male) |
| 26:45 | Create | Villager (Male) |
| 26:53 | Create | Villager (Male) |
| 26:54 | Create | Villager (Male) |
| 26:54 | Create | Villager (Male) |
| 27:09 | Build | Fish Trap |
| 27:18 | Build | Fish Trap |
| 27:31 | Create | Battering Ram |
| 27:35 | Create | Villager (Male) |
| 27:36 | Create | Villager (Male) |
| 27:55 | Create | Battering Ram |
| 28:00 | Create | Villager (Male) |
| 28:01 | Create | Villager (Male) |
| 28:04 | Create | Villager (Male) |
| 28:04 | Create | Villager (Male) |
| 28:31 | Build | Castle |
| 28:47 | Research | Crossbowman (upgrade) |
| 28:54 | Create | Villager (Male) |
| 29:32 | Create | Battering Ram |
| 30:01 | Create | Battering Ram |
| 30:11 | Build | Farm |
| 30:14 | Create | Villager (Male) |
| 30:14 | Create | Villager (Male) |
| 30:15 | Create | Villager (Male) |
| 30:16 | Create | Villager (Male) |
| 30:16 | Create | Villager (Male) |
| 31:01 | Create | Villager (Male) |
| 31:02 | Create | Villager (Male) |
| 31:33 | Build | Farm |
| 31:35 | Build | Farm |
| 31:36 | Build | Farm |
| 31:52 | Create | Spearman |
| 31:53 | Create | Spearman |
| 31:53 | Create | Spearman |
| 31:59 | Create | Unit 1959 |
| 31:59 | Create | Unit 1959 |
| 31:59 | Create | Unit 1959 |
| 32:00 | Create | Unit 1959 |
Build order — CSA_WHF_Payne
87 actions detected in the replay
| 0:22 | Build | Town Center |
| 0:57 | Build | Dock |
| 1:06 | Build | House |
| 2:57 | Create | Villager (Male) |
| 2:58 | Create | Villager (Male) |
| 2:58 | Create | Villager (Male) |
| 2:58 | Create | Villager (Male) |
| 3:47 | Research | Loom |
| 5:00 | Create | Villager (Male) |
| 5:18 | Build | House |
| 5:25 | Create | Villager (Male) |
| 5:25 | Create | Villager (Male) |
| 5:57 | Create | Fishing Ship |
| 6:06 | Create | Villager (Male) |
| 6:07 | Create | Villager (Male) |
| 6:52 | Create | Villager (Male) |
| 7:16 | Create | Villager (Male) |
| 7:28 | Build | House |
| 7:40 | Create | Fishing Ship |
| 8:14 | Build | House |
| 8:37 | Create | Villager (Male) |
| 8:38 | Create | Villager (Male) |
| 8:38 | Create | Villager (Male) |
| 8:49 | Create | Fishing Ship |
| 8:49 | Create | Fishing Ship |
| 9:12 | Build | House |
| 9:32 | Create | Fishing Ship |
| 9:52 | Build | Palisade Wall |
| 9:55 | Build | Palisade Wall |
| 10:07 | Create | Villager (Male) |
| 10:08 | Create | Villager (Male) |
| 10:19 | Build | Mill |
| 10:33 | Build | Palisade Wall |
| 11:06 | Build | Palisade Wall |
| 11:35 | Build | Dock |
| 11:48 | Research | Feudal Age |
| 12:14 | Build | Mining Camp |
| 12:37 | Build | Mining Camp |
| 13:11 | Build | Lumber Camp |
| 13:20 | Build | Palisade Wall |
| 13:21 | Build | Palisade Wall |
| 13:58 | Age | Feudal Age |
| 14:00 | Build | Barracks |
| 14:06 | Create | Villager (Male) |
| 14:06 | Create | Villager (Male) |
| 14:06 | Create | Villager (Male) |
| 14:13 | Build | Watch Tower |
| 15:13 | Build | Market |
| 15:36 | Create | Fishing Ship |
| 16:07 | Build | Blacksmith |
| 16:26 | Build | House |
| 16:35 | Build | Farm |
| 16:37 | Build | Farm |
| 16:59 | Build | Farm |
| 17:06 | Build | Farm |
| 17:46 | Build | Watch Tower |
| 18:24 | Research | Castle Age |
| 18:39 | Research | Double-Bit Axe |
| 19:04 | Research | Horse Collar |
| 19:47 | Build | Stable |
| 20:03 | Create | Spearman |
| 20:28 | Create | Spearman |
| 20:42 | Build | Palisade Wall |
| 20:54 | Research | Scale Barding Armor |
| 21:04 | Age | Castle Age |
| 22:01 | Create | Knight |
| 22:02 | Create | Knight |
| 23:08 | Build | Castle |
| 23:23 | Build | Stone Wall |
| 23:29 | Create | Knight |
| 26:36 | Build | Town Center |
| 26:50 | Research | Fletching |
| 27:38 | Create | Knight |
| 27:39 | Create | Knight |
| 27:39 | Create | Knight |
| 28:23 | Build | Mining Camp |
| 28:47 | Create | Villager (Male) |
| 28:47 | Create | Villager (Male) |
| 28:48 | Create | Villager (Male) |
| 29:27 | Create | Villager (Male) |
| 29:52 | Create | Boyar |
| 30:12 | Build | Farm |
| 30:16 | Build | Farm |
| 30:38 | Create | Villager (Male) |
| 31:20 | Create | Boyar |
| 32:05 | Create | Knight |
| 32:05 | Create | Knight |
Build order — IncredulousFox
First 150 of 275 actions detected
| 0:09 | Build | Town Center |
| 0:36 | Build | Dock |
| 0:39 | Build | House |
| 2:29 | Create | Villager (Male) |
| 2:29 | Create | Villager (Male) |
| 2:30 | Create | Villager (Male) |
| 2:34 | Create | Villager (Male) |
| 3:32 | Create | Fishing Ship |
| 3:33 | Create | Fishing Ship |
| 3:45 | Create | Villager (Male) |
| 4:20 | Build | House |
| 4:28 | Create | Villager (Male) |
| 4:57 | Create | Villager (Male) |
| 5:23 | Create | Villager (Male) |
| 5:31 | Create | Fishing Ship |
| 5:51 | Create | Villager (Male) |
| 5:59 | Build | House |
| 6:11 | Create | Villager (Male) |
| 6:24 | Create | Villager (Male) |
| 6:43 | Create | Fishing Ship |
| 7:00 | Create | Villager (Male) |
| 7:19 | Create | Villager (Male) |
| 7:19 | Create | Villager (Male) |
| 7:23 | Create | Fishing Ship |
| 7:24 | Create | Villager (Male) |
| 7:40 | Build | House |
| 7:47 | Research | Loom |
| 7:48 | Research | Loom |
| 7:51 | Create | Villager (Male) |
| 8:01 | Create | Villager (Male) |
| 8:24 | Build | House |
| 8:37 | Create | Fishing Ship |
| 8:37 | Create | Fishing Ship |
| 8:38 | Create | Villager (Male) |
| 8:59 | Create | Villager (Male) |
| 9:19 | Build | Lumber Camp |
| 9:38 | Create | Fishing Ship |
| 9:57 | Create | Villager (Male) |
| 9:57 | Create | Villager (Male) |
| 10:04 | Create | Fishing Ship |
| 10:10 | Build | House |
| 10:29 | Create | Fishing Ship |
| 10:50 | Research | Feudal Age |
| 10:51 | Research | Feudal Age |
| 11:04 | Build | Mining Camp |
| 11:06 | Build | Palisade Wall |
| 11:21 | Build | Mill |
| 11:30 | Create | Fishing Ship |
| 12:37 | Build | Barracks |
| 12:42 | Create | Villager (Male) |
| 12:52 | Create | Villager (Male) |
| 12:52 | Create | Villager (Male) |
| 13:01 | Age | Feudal Age |
| 13:02 | Research | Double-Bit Axe |
| 13:03 | Research | Double-Bit Axe |
| 13:04 | Research | Tech 906 |
| 13:04 | Research | Tech 906 |
| 13:07 | Create | Villager (Male) |
| 13:09 | Create | Fishing Ship |
| 13:15 | Create | Villager (Male) |
| 13:38 | Build | House |
| 13:45 | Build | Stable |
| 14:15 | Build | Blacksmith |
| 14:39 | Create | Fishing Ship |
| 15:07 | Build | Dock |
| 15:33 | Research | Castle Age |
| 15:35 | Build | Stable |
| 15:57 | Create | Fishing Ship |
| 15:57 | Create | Fishing Ship |
| 16:06 | Research | Bloodlines |
| 16:50 | Research | Scale Barding Armor |
| 16:52 | Create | Scout Cavalry |
| 16:52 | Create | Scout Cavalry |
| 16:56 | Build | House |
| 16:57 | Build | House |
| 17:05 | Create | Fishing Ship |
| 17:12 | Create | Fishing Ship |
| 17:15 | Build | House |
| 17:21 | Build | Dock |
| 17:37 | Create | Scout Cavalry |
| 18:13 | Age | Castle Age |
| 18:14 | Create | Knight |
| 18:14 | Create | Knight |
| 18:15 | Create | Villager (Male) |
| 18:18 | Build | Town Center |
| 18:29 | Create | Knight |
| 18:29 | Create | Knight |
| 18:30 | Create | Villager (Male) |
| 18:40 | Build | Siege Workshop |
| 18:42 | Create | Villager (Male) |
| 18:46 | Create | Villager (Male) |
| 18:50 | Create | Fire Galley |
| 18:53 | Create | Villager (Male) |
| 18:53 | Create | Villager (Male) |
| 19:05 | Research | Gillnets |
| 19:05 | Research | Gillnets |
| 19:08 | Create | Villager (Male) |
| 19:15 | Create | Villager (Male) |
| 19:15 | Create | Villager (Male) |
| 19:23 | Create | Villager (Male) |
| 19:24 | Create | Villager (Male) |
| 19:24 | Create | Villager (Male) |
| 19:25 | Create | Villager (Male) |
| 19:46 | Create | Villager (Male) |
| 19:47 | Create | Villager (Male) |
| 20:06 | Build | Town Center |
| 20:12 | Create | Villager (Male) |
| 20:37 | Create | Villager (Male) |
| 20:38 | Create | Villager (Male) |
| 20:46 | Create | Knight |
| 20:46 | Create | Knight |
| 20:48 | Research | Forging |
| 20:48 | Research | Forging |
| 20:49 | Create | Villager (Male) |
| 20:56 | Create | Mangonel |
| 20:58 | Create | Villager (Male) |
| 21:08 | Build | House |
| 21:09 | Build | House |
| 21:09 | Build | House |
| 21:17 | Create | Villager (Male) |
| 21:30 | Create | Villager (Male) |
| 21:37 | Build | House |
| 21:37 | Build | House |
| 21:38 | Build | House |
| 21:46 | Create | Knight |
| 21:46 | Create | Knight |
| 21:47 | Create | Villager (Male) |
| 21:47 | Create | Villager (Male) |
| 21:47 | Create | Villager (Male) |
| 22:03 | Build | Monastery |
| 22:09 | Create | Villager (Male) |
| 22:13 | Create | Knight |
| 22:13 | Create | Knight |
| 22:16 | Create | Villager (Male) |
| 22:16 | Create | Villager (Male) |
| 22:21 | Create | Villager (Male) |
| 22:27 | Create | Villager (Male) |
| 22:28 | Create | Villager (Male) |
| 22:34 | Create | Villager (Male) |
| 22:43 | Build | House |
| 22:49 | Create | Villager (Male) |
| 22:52 | Create | Villager (Male) |
| 22:53 | Create | Villager (Male) |
| 22:57 | Create | Mangonel |
| 23:15 | Create | Villager (Male) |
| 23:18 | Create | Monk |
| 23:20 | Create | Villager (Male) |
| 23:31 | Create | Villager (Male) |
| 23:37 | Create | Knight |
| 23:39 | Build | Mining Camp |
Build order — jaylin700110
First 150 of 206 actions detected
| 0:11 | Build | Town Center |
| 0:15 | Build | House |
| 0:56 | Build | Dock |
| 2:33 | Create | Villager (Male) |
| 2:33 | Create | Villager (Male) |
| 2:33 | Create | Villager (Male) |
| 2:34 | Create | Villager (Male) |
| 2:34 | Create | Villager (Male) |
| 2:34 | Create | Villager (Male) |
| 2:34 | Create | Villager (Male) |
| 3:37 | Create | Villager (Male) |
| 3:37 | Create | Villager (Male) |
| 3:41 | Create | Fishing Ship |
| 3:41 | Create | Fishing Ship |
| 3:41 | Create | Fishing Ship |
| 4:11 | Build | House |
| 5:02 | Create | Fishing Ship |
| 5:24 | Build | House |
| 5:28 | Create | Villager (Male) |
| 5:28 | Create | Villager (Male) |
| 6:17 | Create | Villager (Male) |
| 6:20 | Create | Villager (Male) |
| 6:20 | Create | Villager (Male) |
| 6:24 | Create | Fishing Ship |
| 6:43 | Create | Villager (Male) |
| 6:43 | Create | Villager (Male) |
| 6:43 | Create | Villager (Male) |
| 6:45 | Create | Fishing Ship |
| 6:48 | Build | House |
| 7:11 | Create | Fishing Ship |
| 7:14 | Create | Villager (Male) |
| 7:15 | Create | Villager (Male) |
| 7:41 | Create | Villager (Male) |
| 7:41 | Create | Villager (Male) |
| 8:03 | Build | Lumber Camp |
| 8:20 | Create | Villager (Male) |
| 8:20 | Create | Villager (Male) |
| 8:43 | Create | Villager (Male) |
| 8:48 | Build | House |
| 9:06 | Build | House |
| 9:14 | Create | Fishing Ship |
| 9:42 | Research | Loom |
| 9:56 | Research | Feudal Age |
| 9:56 | Research | Feudal Age |
| 10:10 | Build | Mining Camp |
| 10:28 | Build | House |
| 10:39 | Create | Villager (Male) |
| 10:48 | Create | Fishing Ship |
| 11:27 | Build | Palisade Wall |
| 11:42 | Build | Mill |
| 11:49 | Create | Villager (Male) |
| 11:58 | Build | Palisade Wall |
| 12:07 | Build | Palisade Wall |
| 12:07 | Build | Palisade Wall |
| 12:17 | Age | Feudal Age |
| 12:19 | Create | Villager (Male) |
| 12:22 | Create | Villager (Male) |
| 12:28 | Build | Market |
| 12:32 | Build | Blacksmith |
| 12:36 | Build | House |
| 12:42 | Create | Villager (Male) |
| 12:46 | Create | Villager (Male) |
| 13:00 | Create | Fire Galley |
| 13:03 | Create | Unit 2626 |
| 13:10 | Create | Villager (Male) |
| 14:12 | Build | Mining Camp |
| 14:49 | Research | Castle Age |
| 14:50 | Research | Castle Age |
| 15:04 | Research | Double-Bit Axe |
| 15:05 | Research | Double-Bit Axe |
| 15:07 | Research | Stone Mining |
| 15:38 | Build | House |
| 15:44 | Build | House |
| 16:33 | Build | House |
| 16:34 | Build | House |
| 17:04 | Build | Palisade Wall |
| 17:23 | Create | Villager (Male) |
| 17:29 | Create | Villager (Male) |
| 17:29 | Age | Castle Age |
| 17:46 | Create | Villager (Male) |
| 17:46 | Create | Villager (Male) |
| 17:55 | Build | Farm |
| 17:56 | Build | Farm |
| 18:31 | Build | Castle |
| 18:34 | Build | House |
| 18:42 | Build | Palisade Wall |
| 19:02 | Build | House |
| 19:03 | Build | House |
| 19:04 | Build | Palisade Wall |
| 19:06 | Research | Horse Collar |
| 19:07 | Create | Villager (Male) |
| 19:07 | Create | Villager (Male) |
| 19:07 | Create | Villager (Male) |
| 19:07 | Create | Villager (Male) |
| 19:32 | Build | Farm |
| 19:35 | Research | Scale Barding Armor |
| 19:48 | Build | Town Center |
| 19:55 | Create | Leitis |
| 19:58 | Create | Leitis |
| 20:11 | Research | Forging |
| 20:11 | Research | Forging |
| 20:12 | Create | Villager (Male) |
| 20:26 | Create | Leitis |
| 21:09 | Create | Villager (Male) |
| 21:14 | Build | House |
| 21:24 | Create | Leitis |
| 21:35 | Create | Leitis |
| 21:44 | Build | Farm |
| 21:45 | Build | Farm |
| 21:46 | Build | Farm |
| 21:46 | Create | Villager (Male) |
| 22:04 | Create | Villager (Male) |
| 22:22 | Build | Farm |
| 22:44 | Build | Monastery |
| 22:59 | Create | Leitis |
| 22:59 | Create | Leitis |
| 23:08 | Build | Mill |
| 23:19 | Create | Leitis |
| 23:31 | Build | Farm |
| 23:33 | Create | Monk |
| 24:40 | Create | Monk |
| 24:42 | Create | Villager (Male) |
| 24:47 | Research | Chain Barding Armor |
| 24:47 | Research | Chain Barding Armor |
| 24:51 | Create | Villager (Male) |
| 24:52 | Build | Farm |
| 24:53 | Build | Farm |
| 24:55 | Research | Heavy Plow |
| 24:56 | Create | Villager (Male) |
| 25:03 | Build | Dock |
| 25:05 | Create | Villager (Male) |
| 25:16 | Build | Town Center |
| 25:24 | Create | Villager (Male) |
| 25:25 | Create | Villager (Male) |
| 25:25 | Create | Villager (Male) |
| 25:25 | Create | Villager (Male) |
| 25:25 | Create | Villager (Male) |
| 25:38 | Create | Leitis |
| 25:38 | Create | Leitis |
| 25:46 | Create | Villager (Male) |
| 26:06 | Build | Farm |
| 26:07 | Build | Farm |
| 26:09 | Create | Villager (Male) |
| 26:26 | Create | Leitis |
| 26:26 | Create | Leitis |
| 26:34 | Build | House |
| 26:52 | Create | Villager (Male) |
| 26:53 | Create | Villager (Male) |
| 27:01 | Create | Monk |
| 27:22 | Create | Leitis |
Match timeline
| 0:09 | CSA_Smith · first_building Dock |
| 0:26 | _dRix4_ · first_building Dock |
| 0:36 | IncredulousFox · first_building Dock |
| 0:56 | jaylin700110 · first_building Dock |
| 0:57 | CSA_WHF_Payne · first_building Dock |
| 1:26 | CSA_Smith · wall_segment Palisade Wall x2 |
| 1:32 | Maruvian · first_building Dock |
| 1:37 | _dRix4_ · wall_segment Palisade Wall x1 |
| 1:39 | CSA_Smith · wall_segment Palisade Wall x2 |
| 1:40 | CSA_Prince · first_building Dock |
| 1:41 | _dRix4_ · wall_segment Palisade Wall x1 |
| 1:41 | Heh · first_building Dock |
| 1:47 | _dRix4_ · wall_segment Palisade Wall x1 |
| 8:36 | CSA_Prince · wall_segment Palisade Wall x1 |
| 8:36 | CSA_Prince · wall_segment Palisade Wall x1 |
| 9:52 | CSA_WHF_Payne · wall_segment Palisade Wall x1 |
| 9:55 | CSA_WHF_Payne · wall_segment Palisade Wall x1 |
| 10:33 | CSA_WHF_Payne · wall_segment Palisade Wall x1 |
| 11:06 | IncredulousFox · wall_segment Palisade Wall x1 |
| 11:06 | CSA_WHF_Payne · wall_segment Palisade Wall x1 |
| 11:27 | jaylin700110 · wall_segment Palisade Wall x3 |
| 11:37 | Maruvian · first_building Barracks |
| 11:58 | jaylin700110 · wall_segment Palisade Wall x1 |
| 12:07 | jaylin700110 · wall_segment Palisade Wall x1 |
| 12:07 | jaylin700110 · wall_segment Palisade Wall x1 |
| 12:17 | jaylin700110 · age_up feudal |
| 12:20 | Maruvian · age_up feudal |
| 12:30 | _dRix4_ · first_building Barracks |
| 12:37 | IncredulousFox · first_building Barracks |
| 12:40 | Maruvian · first_building Archery Range |
| 12:45 | Maruvian · wall_segment Stone Wall x1 |
| 12:46 | Maruvian · wall_segment Stone Wall x1 |
| 12:49 | Maruvian · wall_segment Stone Wall x1 |
| 12:54 | Maruvian · wall_segment Stone Wall x1 |
| 13:01 | IncredulousFox · age_up feudal |
| 13:14 | Maruvian · wall_segment Stone Wall x1 |
| 13:20 | CSA_WHF_Payne · wall_segment Palisade Wall x1 |
| 13:21 | CSA_WHF_Payne · wall_segment Palisade Wall x1 |
| 13:38 | CSA_Prince · age_up feudal |
| 13:38 | _dRix4_ · age_up feudal |
| 13:45 | IncredulousFox · first_building Stable |
| 13:58 | CSA_WHF_Payne · age_up feudal |
| 14:00 | CSA_WHF_Payne · first_building Barracks |
| 14:10 | _dRix4_ · first_building Archery Range |
| 14:22 | Heh · age_up feudal |
| 14:34 | _dRix4_ · wall_segment Palisade Wall x5 |
| 14:40 | Heh · first_building Barracks |
| 15:08 | CSA_Smith · age_up feudal |
| 15:19 | Heh · first_building Stable |
| 15:24 | _dRix4_ · wall_segment Palisade Wall x1 |
| 16:49 | CSA_Smith · first_market_sell 100 wood |
| 16:52 | CSA_Smith · first_market_buy 100 food |
| 17:04 | jaylin700110 · wall_segment Palisade Wall x4 |
| 17:29 | jaylin700110 · age_up castle |
| 17:31 | CSA_Prince · age_up castle |
| 17:36 | CSA_WHF_Payne · first_market_buy 100 food |
| 17:42 | jaylin700110 · first_market_buy 100 stone |
| 17:43 | jaylin700110 · first_market_sell 100 wood |
| 17:55 | _dRix4_ · age_up castle |
| 18:02 | CSA_WHF_Payne · first_market_sell 100 wood |
| 18:13 | IncredulousFox · age_up castle |
| 18:31 | jaylin700110 · first_building Castle |
| 18:40 | IncredulousFox · first_building Siege Workshop |
| 18:42 | jaylin700110 · wall_segment Palisade Wall x1 |
| 18:52 | CSA_Smith · first_building Barracks |
| 19:04 | jaylin700110 · wall_segment Palisade Wall x9 |
| 19:44 | Maruvian · wall_segment Palisade Wall x1 |
| 19:47 | CSA_WHF_Payne · first_building Stable |
| 19:54 | CSA_Smith · first_building Archery Range |
| 20:04 | CSA_Smith · age_up castle |
| 20:08 | CSA_Smith · first_building Castle |
| 20:11 | Maruvian · wall_segment Palisade Wall x6 |
| 20:40 | Maruvian · wall_segment Palisade Wall x1 |
| 20:42 | CSA_WHF_Payne · wall_segment Palisade Wall x1 |
| 21:04 | CSA_WHF_Payne · age_up castle |
| 21:04 | Maruvian · wall_segment Palisade Wall x1 |
| 21:10 | Maruvian · wall_segment Palisade Wall x3 |
| 21:57 | _dRix4_ · wall_segment Palisade Wall x1 |
| 22:03 | IncredulousFox · first_building Monastery |
| 22:44 | jaylin700110 · first_building Monastery |
| 22:58 | Maruvian · first_market_sell 100 wood |
| 22:59 | Maruvian · first_market_buy 100 food |
| 23:08 | CSA_WHF_Payne · first_building Castle |
| 23:15 | Heh · first_market_sell 100 stone |
| 23:20 | Heh · first_market_buy 100 food |
| 23:23 | CSA_WHF_Payne · wall_segment Stone Wall x4 |
| 23:27 | CSA_Prince · first_market_buy 100 stone |
| 23:31 | _dRix4_ · first_building Siege Workshop |
| 23:49 | Maruvian · wall_segment Palisade Wall x1 |
| 24:07 | CSA_Smith · first_building Siege Workshop |
| 24:33 | _dRix4_ · first_building Monastery |
| 25:08 | CSA_Prince · first_building Barracks |
| 25:16 | CSA_Prince · first_building Siege Workshop |
| 25:53 | Maruvian · age_up castle |
| 26:09 | Heh · age_up castle |
| 26:41 | CSA_Prince · first_building Stable |
| 27:49 | Maruvian · first_building Castle |
| 28:04 | CSA_Prince · first_building Castle |
| 29:19 | IncredulousFox · wall_segment Stone Wall x1 |
| 29:28 | CSA_Prince · wall_segment Stone Wall x6 |
| 30:43 | CSA_Prince · wall_segment Palisade Wall x1 |
| 30:56 | IncredulousFox · resign |
| 32:07 | jaylin700110 · first_building Barracks |
[ AI ANALYSIS · 1 CREDIT ]
What really happened in this match?
Wolo.gg analyzes every decision: build order, eco, micro, common mistakes by bracket. Personalized analysis on WhatsApp or Discord in 30 seconds.
Civ guide
Maya
Perfil
Jugador #9200383